[Event "*** Titled Tuesday Blitz"]
[Site "Chess.com"]
[Date "2021.02.09"]
[Round "6"]
[White "Grandmaster2B"]
[Black "korkmaz16"]
[Result "1-0"]
[WhiteElo "2532"]
[BlackElo "2408"]
[TimeControl "180+1"]
[EndTime "11:09:57 PST"]
[Termination "Grandmaster2B won by checkmate"]

1. e4 c5 2. Nf3 e6 3. d4 cxd4 4. Nxd4 Nf6 5. Nc3 Nc6 6. Ndb5 Bb4 7. Nd6+ Ke7 8. Bf4 e5 9. Nf5+ Kf8 10. Bg5 d5 11. a3 Bxc3+ 12. bxc3 dxe4 13. Qxd8+ Nxd8 14. Ng3 e3 15. Bxe3 Ne6 16. f3 Bd7 17. O-O-O Rc8 18.
Kb2 Bc6 19. Bc4 a6 20. Bb3 Nd7 21. Nf5 Ndc5 22. Nd6 Rc7 23. Nc4 f6 24. Nb6 Ke7 25. Rhe1 Rd8 26. Rxd8 Kxd8 27. Rd1+ Ke8 28. Nc4 Nxb3 29.
cxb3 Rd7 30. Rxd7 Kxd7 31. a4 Nc7 32. Nb6+ Ke6 33. c4 f5 34. Kc3 f4 35. Bc1 g5 36.
Kd3 Kf5 37. Ke2 e4 38. c5 Ne6 39. fxe4+ Bxe4 40. b4 Bxg2 41. Kf2 Be4 42. Nc4 Bh1 43.
Nd6+ Kg4 44. Ba3 h5 45. Nf7 Kf5 46. b5 axb5 47. axb5 Nd4 48. Nd6+ Ke6 49. Bb2 Nxb5 50. Nxb5 g4 51. Bc1 Kf5 52. Nd6+ Ke5 53. Nc4+ Kd4 54. Nb2 Ke4 55. Na4 h4 56. Nc3+ Kd4 57. Ne2+ Ke4 58. Nxf4 g3+ 59. hxg3 hxg3+ 60. Kxg3 Kd4 61. Ba3 Kc4 62. Kg4 Bc6 63. Kf5 Kb3 64. Bc1 Kc4 65. Be3 Kb5 66. Ke5 b6 67. cxb6 Ka6 68. Kd6 Bb7 69. Ne6 Bh1 70. Nc7+ Kb7 71. Nb5 Bg2 72. Kc5 Bh1 73. Nd6+ Kb8 74. Bf4 Ka8 75. Kb5 Bg2 76. Ka6 Bf1+ 77. Nb5 Bg2 78. Nc7+ Kb8 79. Nd5+ Ka8 80.
b7# 1-0

[Event "*** Titled Tuesday Blitz"]
[Site "Chess.com"]
[Date "2021.02.09"]
[Round "6"]
[White "WPWPWP-2015"]
[Black "SKLGgonkom"]
[Result "0-1"]
[WhiteElo "2477"]
[BlackElo "2365"]
[TimeControl "180+1"]
[EndTime "11:10:02 PST"]
[Termination "SKLGgonkom won on time"]

1. d4 Nf6 2. c4 e6 3. Nc3 Bb4 4.
f3 d5 5. a3 Bxc3+ 6. bxc3 O-O 7. cxd5 Qxd5 8. e4 Qa5 9. Bd2 c5 10. Bd3 Nc6 11. Ne2 Qc7 12. O-O Rd8 13. Qc2 e5 14. d5 Ne7 15. c4 Ne8 16. Bc3 Ng6 17.
Rae1 f6 18. Kh1 a6 19. Bd2 Nd6 20. f4 b5 21. Be3 Bg4 22. f5 Bxe2 23. Rxe2 Nf8 24. cxb5 c4 25. Qc1 axb5 26. Bb1 Nd7 27. Bd2 Nc5 28. Bb4 Nb3 29. Qe3 Nd4 30. Ref2 Ra4 31.
g4 Rxb4 32. axb4 h6 33. h4 c3 34. g5 hxg5 35. hxg5 c2 36. Bxc2 Nxc2 37. Qh3 Nxe4 38. Rh2 Nxg5 39. Qh8+ Kf7 40. Qh5+ Ke7 41. Rc1 Qc4 42.
Qe2 Qxd5+ 43. Qg2 Nd4 44. Qxd5 Rxd5 45. Rh3 Rd7 46. Rg3 Kd6 47. Kh2 Rc7 48. Rg4 Rxc1 49. Kg2 Rc2+ 50. Kf1 Rc3 51. Rh4 Rc4 52. Rh8 Rxb4 53.
Rd8+ Kc5 54. Rg8 Kd5 55. Rxg7 Nxf5 56. Rd7+ Ke4 57. Rc7 Rd4 58. Rb7 b4 59. Rc7 Ne3+ 60.
Ke2 f5 61. Rc5 Ne6 62. Rb5 Nf4+ 63. Kf2 Ned5 64. Ke1 Rd3 65. Rb7 Ra3 66. Rb8 Kd4 67. Kd1 e4 68. Kc1 Ra2 69. Kb1 Rh2 70. Rb7 Nd3 71.
Ka1 f4 72. Rb6 f3 73. Rb5 e3 0-1

[Event "*** Titled Tuesday Blitz"]
[Site "Chess.com"]
[Date "2021.02.09"]
[Round "6"]
[White "ChessFighter1975"]
[Black "LubovMarkelova"]
[Result "0-1"]
[WhiteElo "2416"]
[BlackElo "2263"]
[TimeControl "180+1"]
[EndTime "11:10:02 PST"]
[Termination "LubovMarkelova won by checkmate"]

1. d4 Nf6 2. c4 c5 3. d5 e6 4. Nc3 exd5 5. cxd5 g6 6. e4 d6 7. f4 Bg7 8. e5 dxe5 9. fxe5 Ng4 10. e6 h5 11. Bb5+ Kf8 12. Nf3 a6 13. O-O axb5 14.
Ng5 f5 15. d6 Bd4+ 16. Qxd4 cxd4 17. e7+ Qxe7 18. dxe7+ Kxe7 19. Nxb5 Nc6 20. Bf4 Bd7 21. Rfe1+ Kf6 22. h3 Ne3 23. Re2 Nd5 24. Bd2 Rhe8 25.
Rae1 Rxe2 26. Rxe2 Rxa2 27. Nd6 Rxb2 28. Nh7+ Kg7 29.
Ng5 Nc3 30. Rf2 Ne5 31. Nf3 Nd3 32. Nxd4 Nxf2 33. Bxc3 Ra2 34. Ne2+ Kh7 35. Kxf2 Bc6 36. Nf7 Bxg2 37. Ng5+ Kh6 38. Nf7+ Kh7 39. Ng5+ Kg8 40. h4 Bd5 41. Ke3 Bc4 42. Nd4 Ra3 43. Kd2 Ra2+ 44.
Kc1 Rh2 45. Bb4 Rxh4 46. Ndf3 Rh1+ 47. Kd2 b5 48. Kc3 Kg7 49. Kd4 Kf6 50. Nh7+ Kg7 51. Nhg5 Rd1+ 52. Ke5 Rd5+ 53. Kf4 Rd7 54. Bc3+ Kg8 55.
Nh3 Rd3 56. Kg3 Bd5 57. Nf4 Rxf3+ 58. Kh4 Rxf4+ 59. Kg5 Rg4+ 60. Kf6 Bc4 61. Be5 Rg1 62. Bd6 h4 63. Ke5 h3 64. Kf4 Rh1 65. Bc5 Bf1 66. Ke5 Bg2 67. Kf6 h2 68. Bd6 b4 69.
Bxh2 Rxh2 70. Kg5 Rh1 71. Kf6 Be4 72. Kg5 b3 73. Kf6 b2 74. Kg5 b1=Q 75. Kf6 Qb2+ 76.
Ke7 Qb4+ 77. Kf6 Qd4+ 78. Ke7 Qc5+ 79. Ke8 Bc6+ 80. Kd8 Qd6+ 81. Kc8 Qd7+ 82. Kb8 Qb7# 0-1

[Event "*** Titled Tuesday Blitz"]
[Site "Chess.com"]
[Date "2021.02.09"]
[Round "6"]
[White "EdmundPlayer"]
[Black "imdvb6307"]
[Result "1-0"]
[WhiteElo "2188"]
[BlackElo "2372"]
[TimeControl "180+1"]
[EndTime "11:10:03 PST"]
[Termination "EdmundPlayer won by resignation"]

1. e4 Nc6 2. Nf3 d6 3. d4 Nf6 4.
Nc3 Bg4 5. Be3 e5 6. dxe5 dxe5 7. Qxd8+ Rxd8 8. Bb5 Bxf3 9. Bxc6+ bxc6 10. gxf3 Nd7 11. O-O-O Bc5 12. Rhg1 g6 13. Rxd7 Bxe3+ 14. fxe3 Rxd7 15.
Na4 O-O 16. Nc5 Rd6 17. Nb7 Rf6 18. Rg3 Rb8 19. Nc5 Rd6 20. Nd3 Rbd8 21. Kd2 f6 22.
Kc3 Rb8 23. b3 a5 24. a4 Kf7 25. Kc4 h5 26. Rg2 g5 27. h3 Rb6 28. Kc5 Rd8 29.
Rg1 Rg8 30. Nb2 Ke6 31. Nc4 Ra6 32. Nb2 Rd8 33. Nd3 Rb6 34. Kc4 Rf8 35. Kc5 f5 36. Rxg5 fxe4 37. Rxe5+ Kd7 38. Rxe4 Rxf3 39. Ne5+ Ke6 40.
Nxf3+ Kf5 41. Rf4+ Kg6 42. h4 Rb8 43. Ne5+ Kg7 44. Rf7+ Kg8 45. Rxc7 Re8 46. Kd6 Rd8+ 47. Rd7 Rf8 48. Ke7 Rf2 49. Nxc6 Rxc2 50. Nxa5 Rc3 51.
b4 Rxe3+ 52. Kf6 Rf3+ 53. Kg5 Re3 54. b5 Re4 55. b6 Rxa4 56. b7 Rxa5+ 57. Kg6 Ra6+ 58.
Kxh5 Ra5+ 59. Kg6 Ra6+ 60. Kf5 Ra5+ 61. Ke6 Ra6+ 62. Kd5 Rb6 63. Rc7 Kf8 64. Rc8+ Kg7 65. b8=Q Rxb8 66. Rxb8 Kg6 67. Ke5 Kf7 68. Rb7+ Kg6 69.
Kf4 Kf6 70. Rb6+ Ke7 71. h5 Kd7 72. Kg5 Ke7 73. Rg6 Kf7 74. h6 Ke7 75. h7 Kd7 76. h8=Q 1-0

[Event "*** Titled Tuesday Blitz"]
[Site "Chess.com"]
[Date "2021.02.09"]
[Round "6"]
[White "PawnEatingZombie"]
[Black "DanielTitichoca"]
[Result "1/2-1/2"]
[WhiteElo "2116"]
[BlackElo "2287"]
[TimeControl "180+1"]
[EndTime "11:10:03 PST"]
[Termination "Game drawn by repetition"]

1. d4 c5 2. d5 d6 3. c4 e5 4.
Nc3 Nf6 5. e4 Be7 6. Bd3 O-O 7.
Nge2 Ne8 8. O-O g6 9. Be3 Bg5 10. Qd2 Bxe3 11. Qxe3 Ng7 12. f4 f6 13. fxe5 fxe5 14. Rxf8+ Qxf8 15. Rf1 Qe7 16. Kh1 Na6 17. Ng1 Nc7 18. Nf3 Bd7 19. a4 b6 20. b3 Rf8 21.
Ng5 Rxf1+ 22. Bxf1 h6 23. Nf3 Kh7 24. Be2 Qf6 25. Kg1 g5 26. h3 Be8 27. Nh2 h5 28. Nd1 Qf4 29. g3 Qxe3+ 30. Nxe3 Bg6 31. Bd3 Nce8 32.
Nf3 Kh6 33. h4 g4 34. Ng5 Nf6 35. Nd1 Nh7 36. Nxh7 Kxh7 37. Nc3 a6 38. Kf2 Ne8 39. Ke3 Nf6 40. Na2 Kg7 41. b4 Nd7 42. b5 a5 43.
Nc3 Kf6 44. Nd1 Ke7 45. Nf2 Nf6 46.
Nd1 Bf7 47. Nf2 Bg6 48. Nd1 Bh7 49. Nf2 Ng8 50. Nd1 Nh6 51. Nf2 Nf7 52. Nd1 Kf6 53.
Nf2 Bg6 54. Nd1 Nh6 55. Nf2 Nf7 56. Nd1 Nh8 57. Nf2 Be8 58. Nd1 Ng6 59. Nf2 Bd7 60. Nd1 Bc8 61. Kf2 Nf4 62. gxf4 exf4 63. Nc3 Ke5 64. Ne2 g3+ 65. Nxg3 fxg3+ 66. Kxg3 Kd4 67.
Be2 Kxe4 68. Bxh5 Bf5 69. Be2 Kd4 70. Kf4 Bh7 71. h5 Kc3 72. Kg5 Kb4 73. Bg4 Kxa4 74. Bf5 Bg8 75. Be6 Bh7 76. h6 Kb4 77. Bf5 Bg8 78. Be6 Bh7 79. Bf5 Bg8 80. Be6 Bh7 1/2-1/2

[Event "*** Titled Tuesday Blitz"]
[Site "Chess.com"]
[Date "2021.02.09"]
[Round "6"]
[White "Angry_Twin"]
[Black "BilodeauA"]
[Result "0-1"]
[WhiteElo "2846"]
[BlackElo "2909"]
[TimeControl "180+1"]
[EndTime "11:10:07 PST"]
[Termination "BilodeauA won by resignation"]

1. e4 e5 2. Nf3 Nc6 3. Bc4 Bc5 4. c3 Nf6 5. d3 d6 6. O-O O-O 7. Re1 h6 8. h3 a5 9. Nbd2 Be6 10. Bb5 Qb8 11. Nf1 Qa7 12. Be3 Bxe3 13. Nxe3 Ne7 14. a4 Ng6 15. Bc4 Rfe8 16. g3 Bxh3 17. Nf5 Bxf5 18.
exf5 Ne7 19. Nh4 d5 20. Ba2 Nc6 21. Qf3 Rad8 22. Rad1 Qb6 23. Re2 e4 24. dxe4 dxe4 25. Rxd8 Rxd8 26. Qf4 Ne7 27. Ng6 Ned5 28. Bxd5 Nxd5 29. Qh4 Qf6 30. Qxf6 Nxf6 31. Nf4 Re8 32. Rd2 Re5 33. Rd8+ Kh7 34. Rc8 e3 35. fxe3 Rxe3 36.
Kg2 Re7 37. Kf3 h5 38. b4 b6 39. b5 Kh6 40. Nh3 Re5 41. Rh8+ Nh7 42. Kf4 Rc5 43. Ng5 Rc4+ 44. Ne4 Rxa4 45. f6 gxf6 46. Kf5 Kg7 47. Rc8 Rc4 48. Ra8 Ng5 49. Nf2 Rc5+ 50. Kf4 Ne6+ 51.
Ke4 Rxb5 52. g4 Re5+ 53. Kf3 hxg4+ 54. Nxg4 Rc5 55. Ne3 Rxc3 56. Ke4 Ng5+ 57. Kd4 Rc1 58. Nf5+ Kg6 59. Ne7+ Kh5 60. Rg8 Kg4 61. Nd5 Rd1+ 62. Kc4 Rc1+ 63. Kd3 Kf5 64. Ne3+ Ke6 65. Re8+ Kd7 66.
Rf8 a4 67. Ng4 Ke7 68. Ra8 Ne6 69. Ne3 Nc5+ 70. Kd2 Rh1 71. Nd5+ Kd6 72. Rd8+ Kc6 73. Nxf6 a3 74. Ra8 a2 75. Kc3 a1=Q+ 0-1

[Event "*** Titled Tuesday Blitz"]
[Site "Chess.com"]
[Date "2021.02.09"]
[Round "6"]
[White "Azerichess"]
[Black "Vincent_Vega95"]
[Result "1/2-1/2"]
[WhiteElo "2973"]
[BlackElo "2723"]
[TimeControl "180+1"]
[EndTime "11:10:08 PST"]
[Termination "Game drawn by repetition"]

1. d4 Nf6 2. Bg5 c5 3. d5 Ne4 4. Bc1 Qa5+ 5. c3 e6 6. f3 Nf6 7. e4 d6 8. Bd2 exd5 9. c4 Qc7 10. cxd5 g6 11. Bc3 Bg7 12. Nd2 O-O 13. Bd3 Nbd7 14. Ne2 Ne5 15. Bc2 b5 16. O-O Nh5 17. a3 a5 18. f4 Ng4 19. Bxg7 Nxg7 20. Rf3 c4 21. Nf1 f5 22. Qd4 fxe4 23. Bxe4 Bf5 24. Nfg3 Bxe4 25. Qxe4 Rae8 26. Qd4 Rxe2 27. h3 Rc2 28.
hxg4 Qc5 29. Qxc5 dxc5 30. f5 gxf5 31. gxf5 Ne8 32. Ne4 Nf6 33. Nxc5 Rd2 34. Ne6 Rf7 35. Re1 Rxd5 36. Re2 h6 37. Rg3+ Kh7 38. Rf3 Rfd7 39. Kf2 Rd2 40. Nf8+ Kg8 41. Nxd7 Rxd7 42. Kg3 Kg7 43.
Re5 Rb7 44. Kh3 Kf7 45. Rc5 Nd7 46. Rc6 Ne5 47. Ra6 Nxf3 48. gxf3 b4 49. Rxa5 bxa3 50.
bxa3 Rc7 51. Re5 c3 52. Re1 c2 53. Rc1 Kf6 54. Kg4 Rc4+ 55. f4 h5+ 56. Kf3 Kxf5 57. Ke3 Rc3+ 58. Kd4 Rxa3 59. Rxc2 Kxf4 60. Rc8 Ra5 61. Rf8+ Kg3 62. Rg8+ Kh2 63. Ke3 Rf5 64. Ke4 Rf7 65. Ke3 h4 66. Ke2 h3 67. Rg6 Kh1 68.
Rg3 Kh2 69. Rg6 Ra7 70. Kf2 Ra2+ 71. Kf3 Rg2 72. Rh6 Rg5 73. Kf2 Rf5+ 74. Ke2 Kg3 75. Rg6+ Kf4 76. Rh6 Kg3 77. Rg6+ Kf4 78. Rh6 Kg3 1/2-1/2

[Event "*** Titled Tuesday Blitz"]
[Site "Chess.com"]
[Date "2021.02.09"]
[Round "6"]
[White "kakorrhaphiophobie"]
[Black "Gerodot71"]
[Result "1-0"]
[WhiteElo "2335"]
[BlackElo "2494"]
[TimeControl "180+1"]
[EndTime "11:10:08 PST"]
[Termination "kakorrhaphiophobie won by resignation"]

1. d4 Nf6 2. c4 e6 3. Nf3 d5 4.
Nc3 Bb4 5. cxd5 exd5 6. Bg5 h6 7. Bh4 O-O 8. e3 Bf5 9. Qb3 Bxc3+ 10. Qxc3 Nbd7 11.
Be2 g5 12. Bg3 Ne4 13. Qxc7 Qxc7 14. Bxc7 Rfc8 15. Ba5 Rc2 16. b3 Rac8 17. Rf1 f6 18. Bd2 Rb2 19. Bd3 g4 20. Rc1 Rxc1+ 21. Bxc1 Rxa2 22. Nh4 Bh7 23. f3 Nc3 24. Bxh7+ Kxh7 25. Rf2 Ra1 26. Rc2 Na2 27. Kd2 Nxc1 28. Rxc1 Rxc1 29. Kxc1 gxf3 30. gxf3 h5 31. Kd2 Kh6 32. f4 Kg7 33.
Nf5+ Kf8 34. Ng3 h4 35. Nf5 h3 36. Nd6 b6 37. Nb5 f5 38. Nxa7 Nf6 39. Ke2 Ng4 40. Kf3 Nxh2+ 41. Kg3 Nf1+ 42. Kxh3 Nxe3 43. Nc6 Kf7 44. Kg3 Ke6 45. Kf3 Nc2 46. Ke2 Kd6 47. Kd2 Na1 48. Ne5 Nxb3+ 49. Kc3 Nc1 50. Nf7+ Ke6 51.
Ng5+ Ke7 52. Kd2 Nb3+ 53. Kc3 Na5 54. Nf3 Nc6 55. Ne5 Nxe5 56. dxe5 b5 57. Kb4 d4 58. Kb3 Ke6 59. Kb4 Kd5 60. Kb3 Kc5 61. Kc2 b4 62. Kd3 b3 63. Kd2 Kd5 64. Kd3 Kc5 65. Kd2 Kc6 66.
Kd3 Kd5 67. Kd2 Ke4 68. e6 b2 69. Kc2 d3+ 70. Kxb2 Kxf4 71. e7 Ke3 72. e8=Q+ Kd2 73. Qe5 f4 74. Qxf4+ Ke2 75. Kc1 d2+ 1-0

[Event "*** Titled Tuesday Blitz"]
[Site "Chess.com"]
[Date "2021.02.09"]
[Round "6"]
[White "MITerryble"]
[Black "jacky72"]
[Result "1-0"]
[WhiteElo "2942"]
[BlackElo "2696"]
[TimeControl "180+1"]
[EndTime "11:10:09 PST"]
[Termination "MITerryble won by resignation"]

1. e4 e5 2. Nf3 Nc6 3. c3 d5 4.
Qa4 dxe4 5. Nxe5 Qd5 6. Nxc6 bxc6 7. Bc4 Qd6 8. d3 exd3 9. O-O Be6 10. Bxd3 Nf6 11.
Bf4 Qd7 12. Rd1 Bd6 13. Bg5 Ng4 14. h3 Ne5 15. Be2 O-O 16. Nd2 f6 17. Be3 Qe7 18. Ne4 f5 19. Bg5 Qf7 20. Nxd6 cxd6 21. Rxd6 Bd5 22.
Bf4 Ng6 23. Bh5 Rae8 24. Bxg6 hxg6 25. Qd4 Re4 26. Qd2 Rfe8 27. b3 Re2 28. Qd1 a5 29. c4 Qa7 30. Qf1 Bf7 31. Rd8 Re4 32. Rxe8+ Bxe8 33. Be3 Qe7 34. Rd1 f4 35. Bd4 a4 36.
Qd3 c5 37. Bxc5 Re1+ 38. Rxe1 Qxe1+ 39. Kh2 axb3 40. axb3 Bf7 41. Qd8+ Kh7 42. Qh4+ Kg8 43. Qxf4 Qc3 44. Bd4 Qxb3 45. Qe5 Kf8 46. Qxg7+ Ke8 47.
Qh8+ Kd7 48. c5 Qd5 49. Qe5 Qc4 50. f3 Kc6 51. Qd6+ Kb5 52. Bf2 g5 53. Qe5 g4 54.
hxg4 Bd5 55. Bd4 Bc6 56. Qe3 Qg8 57. Be5 Qh7+ 58. Kg3 Qh1 59. Bd6 Kc4 60. Qf4+ Kb5 61. Qd2 Kc4 62. Qc2+ Kb5 63. Qb2+ Kc4 64. Qe2+ Kc3 65.
g5 Qh5 66. Qe5+ Kc4 67. Qf4+ Kb3 68. Qg4 Qg6 69. Qf4 Qh5 70. Qf6 Ka4 71. g6 Kb5 72. g7 Qh7 73. Qf7 Qxg7+ 74. Qxg7 1-0

[Event "*** Titled Tuesday Blitz"]
[Site "Chess.com"]
[Date "2021.02.09"]
[Round "6"]
[White "Kretov_Evgenij"]
[Black "K_A_S_T_O_R"]
[Result "0-1"]
[WhiteElo "2500"]
[BlackElo "2798"]
[TimeControl "180+1"]
[EndTime "11:10:11 PST"]
[Termination "K_A_S_T_O_R won by checkmate"]

1. d4 Nf6 2. c4 g6 3. Nc3 Bg7 4. e4 d6 5. Be2 O-O 6. Bg5 c5 7. d5 e6 8. Qd2 exd5 9. exd5 Re8 10. Nf3 Bg4 11. O-O Bxf3 12. Bxf3 Nbd7 13. Rfe1 a6 14. Qf4 Qc7 15. h3 Kf8 16. Be2 Re5 17. Qd2 Rae8 18.
Bf4 Ne4 19. Nxe4 Rxe4 20. Rab1 Kg8 21. b3 h5 22. Bd3 Rxe1+ 23. Rxe1 Rxe1+ 24. Qxe1 Be5 25.
Bg5 Kf8 26. f4 Bd4+ 27. Kh2 Nf6 28. f5 Be5+ 29. Kh1 Kg7 30. Qb1 Nh7 31. Bd2 Nf8 32. Qf1 Qe7 33. fxg6 fxg6 34. Qe1 Qf6 35. Qe3 Kg8 36.
Qg5 Qf2 37. Qe3 Qf6 38. Qg5 Qf7 39. Be3 Kg7 40. Be2 Bf6 41. Qh6+ Kg8 42. Qf4 Qe7 43. Bd3 Be5 44. Qg5 Qf7 45. Be2 Bf6 46. Qf4 Qe7 47.
Bd3 Kf7 48. Qh6 Qe5 49. g4 Qg3 50. gxh5 Qxh3+ 51. Kg1 Qxh5 52. Qxh5 gxh5 53. Bf5 b6 54. b4 Bd4 55. Bxd4 cxd4 56. Kf2 Kf6 57. Bc8 a5 58. a3 axb4 59. axb4 Ke5 60. Kf3 Ng6 61. Bd7 d3 62.
Ke3 Nf4 63. Bc8 h4 64. Bg4 h3 65. Bf3 h2 66. Bh1 Kf5 67. Bf3 Kg5 68. Kd4 Kh4 69.
Ke3 Kg3 70. c5 bxc5 71. bxc5 dxc5 72. d6 c4 73. d7 Ne6 74. Bd5 Nd8 75. Kd2 Kf2 76. Kc3 Ke1 77. Kxc4 d2 78. Bf3 h1=Q 79. Bxh1 d1=Q 80. Bd5 Qd2 81. Kc5 Ke2 82. Kd6 Ke3 83. Kc7 Qxd5 84. Kxd8 Ke4 85. Ke7 Qe5+ 86. Kd8 Kd5 87. Kc8 Kc6 88. d8=Q Qe6+ 89. Kb8 Qb3+ 90. Ka7 Qb7# 0-1

[Event "*** Titled Tuesday Blitz"]
[Site "Chess.com"]
[Date "2021.02.09"]
[Round "6"]
[White "Margency"]
[Black "Sokoloco"]
[Result "1-0"]
[WhiteElo "2649"]
[BlackElo "2472"]
[TimeControl "180+1"]
[EndTime "11:10:12 PST"]
[Termination "Margency won by resignation"]

1. e4 g6 2. d4 Bg7 3. Nc3 d6 4.
Be3 a6 5. f4 b5 6. Bd3 Bb7 7.
Nf3 Nd7 8. e5 e6 9. Ne4 d5 10.
Ned2 Ne7 11. Nb3 Nf5 12. Bf2 h5 13. Qe2 Bf8 14. c3 c6 15. g3 Qb6 16. O-O a5 17. a3 a4 18. Nbd2 Kd8 19. Ng5 Nh6 20. Ndf3 Be7 21.
h3 Kc7 22. Kg2 Rag8 23. Bg1 Rg7 24. Rae1 Bc8 25. Qd2 Nf8 26. Bc2 Nh7 27. Re2 Nxg5 28.
fxg5 Nf5 29. Bf2 h4 30. g4 Ng3 31. Bxg3 hxg3 32. Kxg3 Bd7 33. Rh1 Rgh7 34. Rf2 Be8 35. Qf4 Qb8 36. h4 Qd8 37. Rfh2 Rg7 38. Bd3 Rhg8 39.
Kf2 Kb6 40. Qe3 c5 41. dxc5+ Bxc5 42. Nd4 Qc7 43. Ke1 Ka5 44. Kd2 Kb6 45. Rf1 Rh7 46.
Rf6 Rgh8 47. Qf2 Qxe5 48. Rh3 Rxh4 49. Rxh4 Qxg5+ 50. Qf4 Qxf4+ 51. Rxf4 Bxd4 52. Rxh8 Bxh8 53. g5 Be5 54. Rh4 Kc7 55. Ke3 Kd8 56. Rh8 Ke7 57.
Rh7 Bc6 58. Bxg6 Be8 59. Bxf7 Bxf7 60. g6 Kf6 61. Rxf7+ Kxg6 62. Rb7 Kf5 63. Rxb5 Bf4+ 64. Kd3 Bc1 65. Kc2 Bg5 66. Ra5 e5 67. Rxd5 Kf4 68. Kd3 e4+ 69. Ke2 Bf6 70. Ra5 Bh4 71. Rxa4 Bg5 72.
Rb4 Kf5 73. a4 Be7 74. Rb5+ Kf4 75. a5 Bd8 76. a6 1-0

[Event "*** Titled Tuesday Blitz"]
[Site "Chess.com"]
[Date "2021.02.09"]
[Round "6"]
[White "Angel_Hranitel_37"]
[Black "ShapkinAnatoliy"]
[Result "1-0"]
[WhiteElo "2487"]
[BlackElo "2682"]
[TimeControl "180+1"]
[EndTime "11:10:12 PST"]
[Termination "Angel_Hranitel_37 won by checkmate"]

1. d4 Nf6 2. c4 g6 3. Nf3 Bg7 4. g3 O-O 5. Bg2 c5 6. O-O cxd4 7. Nxd4 Nc6 8. Nc3 Qa5 9. Nc2 d6 10. Nb5 a6 11. Bd2 Qd8 12. Nbd4 Bd7 13. Bc3 Rc8 14. Nf3 b5 15. cxb5 axb5 16. a3 Qb6 17. e3 Rfd8 18. Qe2 d5 19. Ne5 Nxe5 20. Bxe5 Bg4 21. f3 Rxc2 22. Qxc2 Qxe3+ 23. Qf2 Qxe5 24. Rae1 Qf5 25.
fxg4 Qxf2+ 26. Rxf2 e6 27. h3 Nd7 28. Rc2 Ne5 29.
b3 Ra8 30. a4 bxa4 31. bxa4 h6 32. Ra2 Nc4 33. Rc1 Bd4+ 34. Kh2 Ra5 35. Bf1 Nb6 36. Bb5 Kg7 37. Rac2 Nxa4 38. Be8 Ra8 39. Bd7 Nb6 40. Rc7 Be5 41. Rb7 Ra2+ 42. Kg1 Nxd7 43. Rxd7 Bd4+ 44. Kh1 Rf2 45. Re1 Kf8 46. Rd1 Be5 47. Rd3 Ke8 48.
Ra7 Kf8 49. Kg1 Rb2 50. Kf1 Rb1+ 51. Ke2 Kg7 52. Rf3 Bf6 53. h4 g5 54. h5 Rb2+ 55. Kf1 Rb4 56. Ra2 Bd4 57. Kg2 Rb1 58. Rc2 Rg1+ 59.
Kh2 Re1 60. Rc7 Bf6 61. Rc2 Bd4 62. Rc7 Re2+ 63. Kh3 Bf6 64. Rc1 Be5 65. Rcf1 f6 66. Rb1 Rb2 67. Rc1 Kf8 68. Rc8+ Ke7 69. Ra3 d4 70. Ra6 d3 71. Rh8 d2 72. Rh7+ Kd8 73. Raa7 d1=Q 74. Rh8# 1-0

[Event "*** Titled Tuesday Blitz"]
[Site "Chess.com"]
[Date "2021.02.09"]
[Round "6"]
[White "TheBigBoss04"]
[Black "Alex-11211"]
[Result "0-1"]
[WhiteElo "2714"]
[BlackElo "2397"]
[TimeControl "180+1"]
[EndTime "11:10:12 PST"]
[Termination "Alex-11211 won on time"]

1. Nf3 g6 2. g3 Bg7 3. Bg2 c5 4.
O-O Nc6 5. c4 e6 6. Nc3 Nge7 7.
d4 Nxd4 8. Nxd4 cxd4 9. Nb5 Qb6 10. e3 O-O 11. Nxd4 d5 12. cxd5 Nxd5 13. b3 Bd7 14.
Bb2 Bc6 15. Rc1 Rac8 16. Qe2 Rfd8 17. Nxc6 Rxc6 18. Bxg7 Kxg7 19. Qb2+ Kg8 20. e4 Nb4 21. Rxc6 Qxc6 22. Rc1 Qd7 23. Bf1 a6 24. Rc4 Nc6 25. b4 Qd2 26. Qxd2 Rxd2 27. a4 Rb2 28. b5 axb5 29. axb5 Rxb5 30. Kg2 Rb2 31. Ra4 Kf8 32. Ra8+ Ke7 33. h4 h5 34. Kf3 Ne5+ 35. Kf4 Kf6 36.
Ke3 Ng4+ 37. Kd4 Rxf2 38. Bb5 Rb2 39. Be8 Rb4+ 40. Kd3 Ne5+ 41. Ke3 Rb3+ 42. Kf2 Rf3+ 43. Kg2 Re3 44. Rb8 Rb3 45. Rc8 Ke7 46. Ba4 Rb2+ 47. Kf1 b5 48. Rb8 b4 49. Rb7+ Kf6 50. Rb5 Nd3 51. Bd1 Nf2 52. Bf3 Ng4 53. Bxg4 hxg4 54. Kg1 Ke7 55. e5 Kd7 56. Rb7+ Kc6 57. Rxf7 b3 58. Rf8 Rb1+ 59. Kg2 b2 60. Rb8 Kd5 61. Rb5+ Kd4 62. Kh2 Kc3 63. Rc5+ Kb4 64. Rc8 Rh1+ 65. Kxh1 b1=Q+ 66. Kh2 Qb2+ 67. Kh1 Qxe5 68. Rd8 Qxg3 69.
Rd4+ Kc5 70. Ra4 Qxh4+ 71. Kg1 Qg3+ 72. Kh1 Qf3+ 73. Kg1 g3 74. Ra5+ Kb4 75. Ra2 Kb3 0-1

[Event "*** Titled Tuesday Blitz"]
[Site "Chess.com"]
[Date "2021.02.09"]
[Round "6"]
[White "ChampStan"]
[Black "zeitnot2006"]
[Result "0-1"]
[WhiteElo "2230"]
[BlackElo "2530"]
[TimeControl "180+1"]
[EndTime "11:10:25 PST"]
[Termination "zeitnot2006 won on time"]

1. d4 e6 2. c4 b6 3. Nf3 Bb7 4. Nbd2 f5 5. g3 Nf6 6. Bg2 g6 7. O-O Bg7 8. b3 O-O 9. Bb2 a5 10. Ne1 Bxg2 11. Nxg2 Nc6 12. a3 d5 13. Nf4 Qd7 14. Rc1 Ne4 15. cxd5 exd5 16. Nf3 Ne7 17. Ne5 Bxe5 18. dxe5 Ng5 19. e6 Nxe6 20. Nxe6 Qxe6 21. Qd4 Kf7 22. Rxc7 Ke8 23. Rfc1 Rd8 24. e3 Rd7 25. a4 Qd6 26. R7c2 g5 27. Re2 Rc7 28.
Rec2 Rd7 29. h4 f4 30. exf4 gxf4 31. g4 f3 32. Qe5 Qxe5 33. Bxe5 Rg8 34. g5 Kf7 35.
Bf6 h6 36. Rc7 Ke8 37. Rxd7 Kxd7 38. Re1 Nc6 39. Rd1 Ke6 40. Kh2 hxg5 41. hxg5 Nb4 42. Kg3 Kf5 43. Kxf3 Rc8 44. Rd4 Rc3+ 45. Kg2 Rxb3 46.
Rh4 b5 47. axb5 a4 48. b6 a3 49. b7 Nd3 50. Rd4 Nf4+ 51. Kh2 a2 52. Ra4 Rxb7 53.
Rxa2 Nh5 54. Kg2 Kg6 55. Kf3 Nxf6 56. Ra6 Kxg5 57. Ra5 Kf5 58. Ke3 Rb3+ 59. Kd4 Rb4+ 60. Ke3 Re4+ 61. Kf3 Re6 62. Rc5 Ke5 63. Rc2 Ra6 64.
Re2+ Kf5 65. Rd2 Ra3+ 66. Kg2 Ke4 67. Re2+ Kf4 68. Rd2 Ra4 69. Rd3 d4 70. Rf3+ Ke5 71. Rd3 Nd5 72. Kf3 Nf4 73. Rb3 Ra5 74. Rb8 Ne6 75. Re8 Ra3+ 76. Ke2 Kd5 77. Rb8 Ra2+ 0-1

[Event "*** Titled Tuesday Blitz"]
[Site "Chess.com"]
[Date "2021.02.09"]
[Round "6"]
[White "Chandradi"]
[Black "KeithArkell"]
[Result "0-1"]
[WhiteElo "2335"]
[BlackElo "2489"]
[TimeControl "180+1"]
[EndTime "11:10:40 PST"]
[Termination "KeithArkell won by resignation"]

1. Nf3 Nf6 2. g3 b5 3. Bg2 Bb7 4. b3 b4 5. a3 a5 6. Bb2 e6 7. O-O Be7 8. c4 bxc3 9. Bxc3 d5 10. d3 Nbd7 11. Nbd2 O-O 12. Qb1 c5 13. d4 cxd4 14.
Bxd4 Bd6 15. Qb2 Qe7 16. Ne5 Nxe5 17. Bxe5 Bxe5 18. Qxe5 Rfc8 19. Qb2 Rc7 20. Rfc1 Rac8 21. e3 h6 22. h3 Rc5 23. Nf3 Qc7 24. Rxc5 Qxc5 25. Nd4 Qc3 26. Qxc3 Rxc3 27. b4 a4 28. Bf1 Bc8 29. Nb5 Rc2 30. Nd4 Rc3 31. Nb5 Rc2 32.
Nd4 Rb2 33. Bb5 Bd7 34. Bxd7 Nxd7 35. Rc1 Ra2 36. b5 Rxa3 37. Rc8+ Kh7 38. Rc7 Ne5 39. b6 Ra1+ 40. Kg2 Rb1 41. Ra7 Rxb6 42. Rxa4 Rb7 43. Ra3 Nc4 44. Rc3 Nd6 45. Rc2 g5 46. g4 Kg6 47. Nc6 Nc4 48. Nd4 Rc7 49.
Kf3 Kf6 50. Ke2 Ke5 51. Nf3+ Kd6 52. Nd4 Rb7 53. Nf3 e5 54. e4 Rb2 55. Rxb2 Nxb2 56. exd5 Kxd5 57. Nd2 Nc4 58. Nf1 Nd6 59. Ng3 Ke6 60.
Ke3 f5 61. Ke2 f4 62. Nf1 e4 63. Nd2 Kd5 64. Nb3 f3+ 65. Kd2 Nc4+ 66. Ke1 Ne5 67.
Nd2 Nd3+ 68. Kf1 Nf4 69. Nb3 Nxh3 70. Nd2 Nf4 71. Nb1 Ng6 72. Nc3+ Ke5 73. Ke1 Kf4 74. Kd2 Ne5 75. Nd5+ Kxg4 76. Ke3 Kf5 77. Ne7+ Ke6 78. Ng8 h5 79. Kxe4 g4 80. Nh6 Kf6 81. Nf5 Nf7 82.
Ng3 Kg5 83. Ke3 h4 84. Ne4+ Kf5 85. Nd2 Nd8 86. Nc4 Kg5 87. Ne5 Ne6 88. Nd3 h3 89.
Ne1 h2 0-1

[Event "*** Titled Tuesday Blitz"]
[Site "Chess.com"]
[Date "2021.02.09"]
[Round "6"]
[White "mbojan"]
[Black "AwareIdea"]
[Result "1/2-1/2"]
[WhiteElo "2626"]
[BlackElo "2478"]
[TimeControl "180+1"]
[EndTime "11:10:45 PST"]
[Termination "Game drawn - insufficient material"]

1. Nf3 d5 2. c4 e6 3. d4 Nf6 4. g3 dxc4 5. Bg2 Bd7 6. O-O Bc6 7. Bg5 h6 8. Bxf6 Qxf6 9. Nbd2 b5 10. a4 a6 11. Ne5 Bxg2 12. Kxg2 c6 13. axb5 cxb5 14. Ndxc4 Qd8 15. Ne3 Bd6 16. Nf3 O-O 17. Qc2 Nd7 18.
Qc6 Nb6 19. Rfc1 Qb8 20. b3 Rc8 21. Qe4 a5 22. Rxc8+ Qxc8 23. d5 a4 24. bxa4 bxa4 25. dxe6 Qxe6 26. Qxe6 fxe6 27. Nd4 Kf7 28. Nb5 Be7 29.
Nc2 Rc8 30. Nca3 Rd8 31. Kf3 Rd2 32. Nc3 Nd5 33. Nxd5 exd5 34. Nb5 Rb2 35. Nc7 a3 36. Nxd5 a2 37. Nc3 Rb3 38. Rxa2 Rxc3+ 39. e3 Bf6 40. h4 h5 41. Ke2 Rb3 42. Ra5 Rb2+ 43. Kf3 Kg6 44. Rc5 Rd2 45. Rc1 Be5 46. Rf1 Kf5 47.
Rc1 Ra2 48. Rf1 g6 49. Rc1 Ra4 50. Rc2 Ra3 51. Rd2 Rc3 52. Rd5 Ke6 53. Ra5 Rc4 54.
Ra6+ Bd6 55. Ra5 Rc5 56. Ra6 g5 57. hxg5 Rxg5 58. Ke4 Rf5 59. f4 Rb5 60. Kf3 Rb1 61. Ra5 Rh1 62. e4 Rh2 63. e5 Be7 64. Ke4 Re2+ 65.
Kf3 Rb2 66. Ra6+ Kf5 67. Rh6 Rb3+ 68. Kg2 Kg4 69. Rg6+ Kf5 70. Rh6 h4 71. Rh5+ Kg4 72. Rh7 Rb2+ 73. Kf1 Rb1+ 74. Ke2 hxg3 75. Rxe7 Kxf4 76.
Rg7 Rb2+ 77. Kf1 Kf3 78. Rf7+ Ke4 79. e6 Rb8 80. e7 Re8 81. Kg2 Ke5 82. Rf8 Rxe7 83.
Rf3 Ke6 84. Re3+ Kf6 85. Rxe7 Kxe7 86. Kxg3 1/2-1/2